Scraper vs Influenza
(R2)
Created - 27 avril 2014 at 19:14
Goals
|
| Scraper |
0 |
3 |
2 |
5 |
| Influenza |
1 |
0 |
2 |
3 |
|
Shots
|
| Scraper |
6 |
17 |
4 |
27 |
| Influenza |
8 |
13 |
8 |
29 |
|
1st period
1. Influenza , Rob Schremp 4 (Jaime Sifers) at 8:52 (SH)
Penalties :
Jamie Benn (Out) for Holding (Minor) at 0:22, Robbie Earl (VJB) for Hooking (Minor) at 6:05, Carl Gunnarsson (VJB) for Roughing (Minor) at 8:37, Jamie McBain (VJB) for Interference (Minor) at 14:47
2nd period
2. Scraper , Logan Couture 11 (Alexander Radulov) at 0:06
3. Scraper , Petr Sykora 10 (Riley Armstrong, Pernell Karl Subban) at 6:19
4. Scraper , Mike Knuble 3 (Roman Cervenka) at 12:55
Penalties :
Pernell Karl Subban (Out) for Hooking (Minor) at 7:48, Pernell Karl Subban (Out) for Holding (Minor) at 15:52
3rd period
5. Influenza , Robbie Earl 2 (Jamie McBain, Ryan Vesce) at 7:10
6. Influenza , Justin Abdelkader 17 (Rob Schremp) at 11:51 (PP)
7. Scraper , Valeri Bure 6 (Logan Couture) at 15:55 (PP)
8. Scraper , Riley Armstrong 9 (Pernell Karl Subban, Valeri Bure) at 19:27 (Empty Net)
Penalties :
Michael Del Zotto (Out) for Interference (Minor) at 1:29, Petr Sykora (Out) for Hooking (Minor) at 3:56, Matt Martin (Out) for Roughing (Minor) at 4:18, Jamie Benn (Out) for Holding (Minor) at 9:45, Logan Couture (Out) for Roughing (Minor) at 11:50, Jaime Sifers (VJB) for Kneeing (Major) at 12:22
Goalie Stats
Maxime Ouellet (Out), 26 saves from 29 shots - (0,897), W, 1-1-0, 60:00 minutes
Brent Krahn (VJB), 22 saves from 26 shots - (0,846), L, 6-3-0, 59:46 minutes
Players Stats for Scraper
Player Name G A P +/- PIM S H SB GA TA FO MP PP MP PK MP
------------------------------------------------------------------------------------
Aaron Voros 0 0 0 0 0 0 0 1 0 0 1/1 15:39 4:49 1:24
Aaron Ward 0 0 0 1 0 2 1 3 1 0 0/0 20:32 3:54 3:45
Alexander Radulov 0 1 1 1 0 1 0 0 0 0 0/2 20:44 4:49 3:17
Ben Eager 0 0 0 1 0 0 1 0 0 0 0/0 9:16 0:42 0:03
Eric Gryba 0 0 0 1 0 1 1 1 0 0 0/0 12:20 2:21 0:59
Jamie Benn 0 0 0 0 4 0 0 0 0 1 0/0 18:11 5:25 0:00
Karl Alzner 0 0 0 0 0 1 1 0 0 0 0/0 14:40 1:18 5:18
Logan Couture 1 1 2 0 2 2 2 0 1 1 13/32 19:15 5:25 0:45
Martin Hanzal 0 0 0 0 0 3 0 1 0 0 0/0 8:22 0:42 0:04
Matt Martin 0 0 0 1 2 0 3 0 0 0 0/1 9:28 0:00 1:42
Michael Del Zotto 0 0 0 0 2 1 0 0 0 1 0/0 19:58 3:42 3:12
Mike Knuble 1 0 1 1 0 2 1 1 0 1 0/0 10:09 0:28 3:14
Paul Ranger 0 0 0 0 0 4 1 2 1 1 0/0 25:06 3:57 6:56
Pernell Karl Subban 0 2 2 2 4 0 5 1 1 1 0/0 26:57 6:40 4:18
Petr Sykora 1 0 1 0 2 6 0 0 0 0 0/0 15:20 0:00 5:40
Riley Armstrong 1 1 2 1 0 2 1 0 0 0 3/10 14:22 4:49 0:00
Roman Cervenka 0 1 1 1 0 1 0 0 0 0 1/4 6:15 0:00 0:00
Valeri Bure 1 1 2 0 0 1 4 1 1 1 4/10 19:24 5:39 6:53
Players Stats for Influenza
Player Name G A P +/- PIM S H SB GA TA FO MP PP MP PK MP
------------------------------------------------------------------------------------
Alexander Sulzer 0 0 0 1 0 0 1 1 0 1 0/0 21:49 5:48 4:52
Ben Smith 0 0 0 0 0 1 0 0 0 0 0/0 8:43 0:11 0:00
Brian Salcido 0 0 0 0 0 0 0 0 0 1 0/0 10:11 0:00 2:26
Carl Gunnarsson 0 0 0 -1 2 1 1 2 0 0 0/0 9:57 0:00 1:05
Cody McCormick 0 0 0 -1 0 1 2 0 0 0 3/5 9:05 0:11 1:14
Corey Tropp 0 0 0 -1 0 1 0 0 0 0 0/0 6:30 0:11 0:00
Jaime Sifers 0 1 1 -3 5 1 1 2 0 0 0/0 27:30 6:29 3:08
Jamie McBain 0 1 1 1 2 4 2 0 2 0 0/0 21:11 5:48 4:17
Jeff Halpern 0 0 0 0 0 0 5 0 0 0 7/8 18:42 5:33 3:37
Justin Abdelkader 1 0 1 -1 0 4 2 2 1 1 1/2 24:46 6:33 5:37
Martins Karsums 0 0 0 -2 0 1 1 0 1 0 0/1 19:09 6:33 0:00
Noah Welch 0 0 0 -2 0 3 1 2 0 2 0/0 29:24 6:29 5:36
Pierre-Cédric Labrie 0 0 0 0 0 0 0 1 1 0 1/1 10:17 0:00 2:08
Rob Schremp 1 1 2 -1 0 4 1 0 1 0 20/35 24:49 6:33 5:40
Robbie Earl 1 0 1 0 2 3 1 0 1 0 2/3 16:02 5:33 1:19
Ryan Carter 0 0 0 0 0 0 1 1 0 0 4/5 9:27 0:00 1:54
Ryan Russell 0 0 0 -1 0 1 1 0 0 0 0/0 6:46 0:00 0:51
Ryan Vesce 0 1 1 0 0 4 1 0 0 0 0/0 14:42 5:33 0:00
3 Stars
1 - Valeri Bure (Out)
2 - Riley Armstrong (Out)
3 - Mike Knuble (Out)
Power Play
Scraper - 1 on 4 Attempt(s) - 25,00%
Influenza - 1 on 8 Attempt(s) - 12,50%
Penalty Kill
Scraper - 7 on 8 Attempt(s) - 87,50%
- Score 0 goal in Penalty Kill
Influenza - 3 on 4 Attempt(s) - 75,00%
- Score 1 goal in Penalty Kill
Official
Referees : Walsh Ian and Kimmerly Greg
Linesman : Brian Murphy and Ryan Galloway
Game Notes
Aaron Ward is injured at 1:07 of 3rd period (Bruised Right Arm)
Ryan Carter is injured at 6:36 of 3rd period (Bruised Left Leg)
Brian Salcido is injured at 15:49 of 3rd period (Bruised Right Shoulder)
Riley Armstrong has scored in a empty net!
Finance
Level 1 -- Attendance: 1931 (96,55%) -- Ticket Income 77 240 $
Level 2 -- Attendance: 1000 (100,00%) -- Ticket Income 20 000 $
Total Attendance: 2931 (97,70%)
Total Ticket Income: 97 240 $
Other Income: 4 862 $
Total Income: 102 102 $
Scraper
5 vs 5 Forward
Center Left Wing Right Wing Time % Phy DF OF
1 Logan Couture Jamie Benn Alexander Radulov 40 1 2 2
2 Riley Armstrong Aaron Voros Petr Sykora 30 1 2 2
3 Martin Hanzal Ben Eager Valeri Bure 20 1 2 2
4 Roman Cervenka Matt Martin Mike Knuble 10 1 2 2
5 vs 5 Defense
Defense Defense Time % Phy DF OF
1 Aaron Ward Pernell Karl Subban 40 1 2 2
2 Paul Ranger Michael Del Zotto 35 1 2 2
3 Eric Gryba Karl Alzner 15 1 2 2
4 Aaron Ward Paul Ranger 10 1 2 2
PowerPlay Forward
Center Left Wing Right Wing Time % Phy DF OF
1 Logan Couture Jamie Benn Valeri Bure 60 1 2 2
2 Riley Armstrong Aaron Voros Alexander Radulov 40 1 2 2
PowerPlay Defense
Defense Defense Time % Phy DF OF
1 Aaron Ward Pernell Karl Subban 60 1 2 2
2 Michael Del Zotto Paul Ranger 40 1 2 2
Penalty Kill 4 Players Forward
Center Wing Time % Phy DF OF
1 Valeri Bure Petr Sykora 60 1 2 2
2 Alexander Radulov Mike Knuble 40 1 2 2
Penalty Kill 4 Players Defense
Defense Defense Time % Phy DF OF
1 Aaron Ward Paul Ranger 60 1 2 2
2 Pernell Karl Subban Karl Alzner 40 1 2 2
Penalty Kill - 3 Players Forward
Forward Time % Phy DF OF
1 Valeri Bure 60 1 2 2
2 Petr Sykora 40 1 2 2
Penalty Kill - 3 Players Defense
Defense Defense Time % Phy DF OF
1 Aaron Ward Paul Ranger 60 1 2 2
2 Pernell Karl Subban Karl Alzner 40 1 2 2
4 vs 4 Forward
Center Wing Time % Phy DF OF
1 Valeri Bure Petr Sykora 60 1 2 2
2 Alexander Radulov Mike Knuble 40 1 2 2
4 vs 4 Defense
Defense Defense Time % Phy DF OF
1 Aaron Ward Paul Ranger 60 1 2 2
2 Pernell Karl Subban Karl Alzner 40 1 2 2
Last Minutes Offensive
Center Left Wing Right Wing Defense Defense
Logan Couture Jamie Benn Alexander Radulov Aaron Ward Pernell Karl Subban
Last Minutes Defensive
Center Left Wing Right Wing Defense Defense
Riley Armstrong Ben Eager Valeri Bure Aaron Ward Paul Ranger
Goaltenders
Starting : Maxime Ouellet
Backup : Peter Mannino
Extra Forwards
Normal : Logan Couture, Jamie Benn, Matt Martin - PP : Logan Couture, Jamie Benn - PK : Matt Martin
Extra Defensemen
Normal : Eric Gryba, Michael Del Zotto, Pernell Karl Subban - PP : Eric Gryba - PK : Michael Del Zotto, Pernell Karl Subban
Penalty Shots
Logan Couture, Jamie Benn, Alexander Radulov, Mike Knuble, Riley Armstrong
Influenza
5 vs 5 Forward
Center Left Wing Right Wing Time % Phy DF OF
1 Rob Schremp Justin Abdelkader Martins Karsums 40 1 2 2
2 Jeff Halpern Robbie Earl Ryan Vesce 30 1 2 2
3 Ryan Carter Pierre-Cédric Labrie Ben Smith 20 1 2 2
4 Cody McCormick Ryan Russell Corey Tropp 10 1 2 2
5 vs 5 Defense
Defense Defense Time % Phy DF OF
1 Noah Welch Jaime Sifers 40 1 2 2
2 Jamie McBain Alexander Sulzer 30 1 2 2
3 Carl Gunnarsson Brian Salcido 20 1 2 2
4 Noah Welch Jaime Sifers 10 1 2 2
PowerPlay Forward
Center Left Wing Right Wing Time % Phy DF OF
1 Rob Schremp Justin Abdelkader Martins Karsums 60 1 2 2
2 Jeff Halpern Robbie Earl Ryan Vesce 40 1 2 2
PowerPlay Defense
Defense Defense Time % Phy DF OF
1 Noah Welch Jaime Sifers 60 1 2 2
2 Jamie McBain Alexander Sulzer 40 1 2 2
Penalty Kill 4 Players Forward
Center Wing Time % Phy DF OF
1 Rob Schremp Justin Abdelkader 60 1 2 2
2 Jeff Halpern Ryan Carter 40 1 2 2
Penalty Kill 4 Players Defense
Defense Defense Time % Phy DF OF
1 Noah Welch Jaime Sifers 60 1 2 2
2 Jamie McBain Alexander Sulzer 40 1 2 2
Penalty Kill - 3 Players Forward
Forward Time % Phy DF OF
1 Rob Schremp 60 1 2 2
2 Justin Abdelkader 40 1 2 2
Penalty Kill - 3 Players Defense
Defense Defense Time % Phy DF OF
1 Noah Welch Jaime Sifers 60 1 2 2
2 Jamie McBain Alexander Sulzer 40 1 2 2
4 vs 4 Forward
Center Wing Time % Phy DF OF
1 Rob Schremp Justin Abdelkader 60 1 2 2
2 Jeff Halpern Ryan Carter 40 1 2 2
4 vs 4 Defense
Defense Defense Time % Phy DF OF
1 Noah Welch Jaime Sifers 60 1 2 2
2 Jamie McBain Alexander Sulzer 40 1 2 2
Last Minutes Offensive
Center Left Wing Right Wing Defense Defense
Rob Schremp Justin Abdelkader Martins Karsums Noah Welch Jaime Sifers
Last Minutes Defensive
Center Left Wing Right Wing Defense Defense
Rob Schremp Justin Abdelkader Martins Karsums Noah Welch Jaime Sifers
Goaltenders
Starting : Brent Krahn
Backup : Alex Stalock
Extra Forwards
Normal : Cody McCormick, Ben Smith, Pierre-Cédric Labrie - PP : Cody McCormick, Ben Smith - PK : Pierre-Cédric Labrie
Extra Defensemen
Normal : Carl Gunnarsson, Brian Salcido, Jamie McBain - PP : Carl Gunnarsson - PK : Brian Salcido, Jamie McBain
Penalty Shots
Rob Schremp, Justin Abdelkader, Jeff Halpern, Ryan Carter, Martins Karsums
% Time on Ice - Scraper
Lines # - Real PCT - Wanted PCT - Time Play
Normal Forward
1 - 36% - 40% - 13:00
2 - 26% - 30% - 9:25
3 - 21% - 20% - 7:34
4 - 17% - 10% - 6:15
Normal Defense
1 - 43% - 40% - 15:37
2 - 35% - 35% - 12:45
3 - 18% - 15% - 6:36
4 - 3% - 10% - 1:16
PP Forward
1 - 56% - 60% - 6:07
2 - 44% - 40% - 4:49
PP Defense
1 - 69% - 60% - 7:31
2 - 31% - 40% - 3:25
PK Forward
1 - 70% - 60% - 7:26
2 - 30% - 40% - 3:14
PK Defense
1 - 64% - 60% - 6:47
2 - 36% - 40% - 3:53
PK3 Forward
1 - 61% - 60% - 0:59
2 - 39% - 40% - 0:38
PK3 Defense
1 - 45% - 60% - 0:44
2 - 55% - 40% - 0:53
44 Forward
1 - 0% - 60%
2 - 0% - 40%
44 Defense
1 - 0% - 60%
2 - 0% - 40%
Last Minute Offensive - 0:00
Last Minute Defensive - 0:33
Total
Forward - 60:00
Defense - 60:00
|
% Time on Ice - Influenza
Lines # - Real PCT - Wanted PCT - Time Play
Normal Forward
1 - 34% - 40% - 12:26
2 - 27% - 30% - 9:44
3 - 22% - 20% - 8:08
4 - 16% - 10% - 5:55
Normal Defense
1 - 44% - 40% - 16:04
2 - 32% - 30% - 11:26
3 - 22% - 20% - 7:51
4 - 2% - 10% - 0:52
PP Forward
1 - 55% - 60% - 6:44
2 - 45% - 40% - 5:33
PP Defense
1 - 53% - 60% - 6:29
2 - 47% - 40% - 5:48
PK Forward
1 - 69% - 60% - 7:32
2 - 31% - 40% - 3:24
PK Defense
1 - 68% - 60% - 7:25
2 - 32% - 40% - 3:31
PK3 Forward
1 - 0% - 60%
2 - 0% - 40%
PK3 Defense
1 - 0% - 60%
2 - 0% - 40%
44 Forward
1 - 0% - 60%
2 - 0% - 40%
44 Defense
1 - 0% - 60%
2 - 0% - 40%
Last Minute Offensive - 0:34
Last Minute Defensive - 0:00
Total
Forward - 60:00
Defense - 60:00
|
Play by Play
1st period
0:01 of 1st period - Logan Couture wins face-off versus Rob Schremp in neutral zone.
0:06 of 1st period - Wrist shot by Alexander Radulov.
0:06 of 1st period - Shot Misses the Net.
0:22 of 1st period - Minor Penalty to Jamie Benn for Holding.
0:23 of 1st period - Rob Schremp wins face-off versus Valeri Bure in Scraper zone.
0:36 of 1st period - Snap shot by Rob Schremp.
0:36 of 1st period - Shot Misses the Net.
0:38 of 1st period - Slapshot by Noah Welch.
0:38 of 1st period - Shot Misses the Net.
0:48 of 1st period - Robbie Earl is hit by Valeri Bure and loses puck.
2:22 of 1st period - Penalty to Jamie Benn is over, Jamie Benn is back on ice.
2:36 of 1st period - Snap shot by Ben Smith.
2:36 of 1st period - Deflect By Corey Tropp.
2:36 of 1st period - Stopped by Maxime Ouellet with a rebound.
2:54 of 1st period - Slapshot by Logan Couture.
2:54 of 1st period - Shot Blocked by Carl Gunnarsson.
3:24 of 1st period - Cody McCormick is hit by Matt Martin.
3:25 of 1st period - Icing by Cody McCormick.
3:26 of 1st period - Cody McCormick wins face-off versus Roman Cervenka in Influenza zone.
3:37 of 1st period - Alexander Sulzer is hit by Karl Alzner.
3:41 of 1st period - Eric Gryba is hit by Cody McCormick and loses puck.
4:08 of 1st period - Snap shot by Ryan Russell.
4:08 of 1st period - Stopped by Maxime Ouellet with a rebound.
4:24 of 1st period - Slapshot by Roman Cervenka.
4:24 of 1st period - Deflect By Jamie McBain.
4:24 of 1st period - Shot Misses the Net.
4:24 of 1st period - Puck is out of play.
4:25 of 1st period - Riley Armstrong wins face-off versus Robbie Earl in Influenza zone.
4:34 of 1st period - Snap shot by Petr Sykora.
4:34 of 1st period - Stopped by Brent Krahn with a rebound.
4:40 of 1st period - Snap shot by Ryan Vesce.
4:40 of 1st period - Stopped by Maxime Ouellet with a rebound.
4:58 of 1st period - Snap shot by Petr Sykora.
4:58 of 1st period - Shot Blocked by Ryan Carter.
5:00 of 1st period - Snap shot by Aaron Voros.
5:00 of 1st period - Shot Misses the Net.
5:12 of 1st period - Petr Sykora is hit by Justin Abdelkader and loses puck.
5:25 of 1st period - Slapshot by Paul Ranger.
5:25 of 1st period - Stopped by Brent Krahn without a rebound.
5:26 of 1st period - Robbie Earl wins face-off versus Logan Couture in Influenza zone.
5:33 of 1st period - Alexander Radulov is hit by Jaime Sifers and loses puck.
5:38 of 1st period - Wrist shot by Ryan Vesce.
5:38 of 1st period - Stopped by Maxime Ouellet without a rebound.
5:39 of 1st period - Rob Schremp wins face-off versus Logan Couture in Scraper zone.
6:05 of 1st period - Minor Penalty to Robbie Earl for Hooking.
6:06 of 1st period - Logan Couture wins face-off versus Rob Schremp in Influenza zone.
7:45 of 1st period - Aaron Ward is hit by Cody McCormick and loses puck.
8:05 of 1st period - Penalty to Robbie Earl is over, Robbie Earl is back on ice.
8:12 of 1st period - Paul Ranger is hit by Jeff Halpern and loses puck.
8:37 of 1st period - Minor Penalty to Carl Gunnarsson for Roughing.
8:38 of 1st period - Logan Couture wins face-off versus Rob Schremp in Influenza zone.
8:52 of 1st period - Snap shot by Rob Schremp.
8:52 of 1st period - Goal by Rob Schremp - Scraper : 0 - Influenza : 1.
8:53 of 1st period - Logan Couture wins face-off versus Rob Schremp in neutral zone.
10:37 of 1st period - Penalty to Carl Gunnarsson is over, Carl Gunnarsson is back on ice.
11:10 of 1st period - Snap shot by Martin Hanzal.
11:10 of 1st period - Stopped by Brent Krahn without a rebound.
11:11 of 1st period - Cody McCormick wins face-off versus Alexander Radulov in Influenza zone.
11:18 of 1st period - Martin Hanzal is hit by Carl Gunnarsson and loses puck.
11:47 of 1st period - Ben Smith is hit by Matt Martin and loses puck.
11:54 of 1st period - Snap shot by Paul Ranger.
11:54 of 1st period - Stopped by Brent Krahn without a rebound.
11:55 of 1st period - Rob Schremp wins face-off versus Logan Couture in Influenza zone.
12:02 of 1st period - Wrist shot by Logan Couture.
12:02 of 1st period - Shot Misses the Net.
12:04 of 1st period - Wrist shot by Jamie Benn.
12:04 of 1st period - Shot Misses the Net.
12:42 of 1st period - Wrist shot by Riley Armstrong.
12:42 of 1st period - Shot Misses the Net.
12:44 of 1st period - Snap shot by Riley Armstrong.
12:44 of 1st period - Deflect By Petr Sykora.
12:44 of 1st period - Stopped by Brent Krahn with a rebound.
12:46 of 1st period - Wrist shot by Pernell Karl Subban.
12:46 of 1st period - Shot Blocked by Alexander Sulzer.
13:04 of 1st period - Snap shot by Justin Abdelkader.
13:04 of 1st period - Shot Misses the Net.
13:30 of 1st period - Snap shot by Mike Knuble.
13:30 of 1st period - Stopped by Brent Krahn with a rebound.
14:29 of 1st period - Wrist shot by Rob Schremp.
14:29 of 1st period - Shot Misses the Net.
14:31 of 1st period - Wrist shot by Martins Karsums.
14:31 of 1st period - Stopped by Maxime Ouellet without a rebound.
14:32 of 1st period - Justin Abdelkader wins face-off versus Logan Couture in Scraper zone.
14:45 of 1st period - Slapshot by Logan Couture.
14:45 of 1st period - Shot Blocked by Justin Abdelkader.
14:47 of 1st period - Minor Penalty to Jamie McBain for Interference.
14:48 of 1st period - Logan Couture wins face-off versus Rob Schremp in Influenza zone.
16:47 of 1st period - Penalty to Jamie McBain is over, Jamie McBain is back on ice.
17:01 of 1st period - Slapshot by Noah Welch.
17:01 of 1st period - Shot Blocked by Mike Knuble.
17:03 of 1st period - Slapshot by Jaime Sifers.
17:03 of 1st period - Stopped by Maxime Ouellet with a rebound.
17:05 of 1st period - Slapshot by Noah Welch.
17:05 of 1st period - Stopped by Maxime Ouellet with a rebound.
17:19 of 1st period - Karl Alzner is hit by Jamie McBain and loses puck.
17:44 of 1st period - Aaron Voros is hit by Justin Abdelkader and loses puck.
18:13 of 1st period - Ben Smith is hit by Pernell Karl Subban and loses puck.
18:32 of 1st period - Aaron Voros is hit by Ryan Russell and loses puck.
18:53 of 1st period - Jaime Sifers is hit by Matt Martin and loses puck.
19:08 of 1st period - Rob Schremp is hit by Logan Couture and loses puck.
Goals for this period are 0 for Scraper vs 1 for Influenza.
Shots for this period are 6 for Scraper vs 8 for Influenza.
2nd period
0:01 of 2nd period - Logan Couture wins face-off versus Martins Karsums in neutral zone.
0:06 of 2nd period - Wrist shot by Logan Couture.
0:06 of 2nd period - Goal by Logan Couture - Scraper : 1 - Influenza : 1.
0:07 of 2nd period - Logan Couture wins face-off versus Rob Schremp in neutral zone.
0:10 of 2nd period - Backhand shot by Alexander Radulov.
0:10 of 2nd period - Shot Blocked by Jaime Sifers.
0:18 of 2nd period - Slapshot by Logan Couture.
0:18 of 2nd period - Stopped by Brent Krahn with a rebound.
0:20 of 2nd period - Wrist shot by Logan Couture.
0:20 of 2nd period - Shot Blocked by Jaime Sifers.
0:22 of 2nd period - Snap shot by Logan Couture.
0:22 of 2nd period - Shot Misses the Net.
0:39 of 2nd period - Slapshot by Jamie McBain.
0:39 of 2nd period - Shot Blocked by Aaron Ward.
0:55 of 2nd period - Aaron Voros is hit by Rob Schremp and loses puck.
0:59 of 2nd period - Icing by Pernell Karl Subban.
1:00 of 2nd period - Robbie Earl wins face-off versus Riley Armstrong in Scraper zone.
1:01 of 2nd period - Slapshot by Ryan Vesce.
1:01 of 2nd period - Stopped by Maxime Ouellet without a rebound.
1:02 of 2nd period - Jeff Halpern wins face-off versus Logan Couture in Scraper zone.
1:15 of 2nd period - Snap shot by Alexander Radulov.
1:15 of 2nd period - Shot Misses the Net.
1:17 of 2nd period - Wrist shot by Paul Ranger.
1:17 of 2nd period - Deflect By Jamie Benn.
1:17 of 2nd period - Shot Misses the Net.
1:17 of 2nd period - Puck is out of play.
1:18 of 2nd period - Ryan Carter wins face-off versus Riley Armstrong in Influenza zone.
1:34 of 2nd period - Snap shot by Noah Welch.
1:34 of 2nd period - Stopped by Maxime Ouellet with a rebound.
2:08 of 2nd period - Jamie Benn is hit by Jeff Halpern and loses puck.
2:36 of 2nd period - Michael Del Zotto is hit by Jamie McBain and loses puck.
2:51 of 2nd period - Snap shot by Petr Sykora.
2:51 of 2nd period - Stopped by Brent Krahn without a rebound.
2:52 of 2nd period - Ryan Carter wins face-off versus Riley Armstrong in Influenza zone.
3:05 of 2nd period - Snap shot by Aaron Voros.
3:05 of 2nd period - Shot Misses the Net.
3:49 of 2nd period - Snap shot by Ben Eager.
3:49 of 2nd period - Shot Misses the Net.
4:03 of 2nd period - Wrist shot by Ryan Vesce.
4:03 of 2nd period - Stopped by Maxime Ouellet with a rebound.
4:21 of 2nd period - Ryan Carter is hit by Pernell Karl Subban and loses puck.
4:42 of 2nd period - Snap shot by Justin Abdelkader.
4:42 of 2nd period - Shot Misses the Net.
5:02 of 2nd period - Snap shot by Martin Hanzal.
5:02 of 2nd period - Stopped by Brent Krahn with a rebound.
5:23 of 2nd period - Snap shot by Riley Armstrong.
5:23 of 2nd period - Shot Misses the Net.
5:25 of 2nd period - Slapshot by Petr Sykora.
5:25 of 2nd period - Stopped by Brent Krahn with a rebound.
5:27 of 2nd period - Slapshot by Paul Ranger.
5:27 of 2nd period - Stopped by Brent Krahn without a rebound.
5:28 of 2nd period - Rob Schremp wins face-off versus Logan Couture in Influenza zone.
5:35 of 2nd period - Snap shot by Justin Abdelkader.
5:35 of 2nd period - Deflect By Martins Karsums.
5:35 of 2nd period - Shot Hit the Post.
5:35 of 2nd period - Puck is out of play.
5:36 of 2nd period - Logan Couture wins face-off versus Rob Schremp in Scraper zone.
5:46 of 2nd period - Wrist shot by Justin Abdelkader.
5:46 of 2nd period - Stopped by Maxime Ouellet without a rebound.
5:47 of 2nd period - Logan Couture wins face-off versus Rob Schremp in Scraper zone.
5:56 of 2nd period - Slapshot by Michael Del Zotto.
5:56 of 2nd period - Stopped by Brent Krahn with a rebound.
5:58 of 2nd period - Snap shot by Alexander Radulov.
5:58 of 2nd period - Shot Blocked by Noah Welch.
6:19 of 2nd period - Slapshot by Petr Sykora.
6:19 of 2nd period - Goal by Petr Sykora - Scraper : 2 - Influenza : 1.
6:20 of 2nd period - Rob Schremp wins face-off versus Logan Couture in neutral zone.
6:47 of 2nd period - Noah Welch is hit by Riley Armstrong and loses puck.
6:58 of 2nd period - Wrist shot by Riley Armstrong.
6:58 of 2nd period - Stopped by Brent Krahn with a rebound.
7:00 of 2nd period - Slapshot by Paul Ranger.
7:00 of 2nd period - Deflect By Jaime Sifers.
7:00 of 2nd period - Stopped by Brent Krahn with a rebound.
7:39 of 2nd period - Snap shot by Karl Alzner.
7:39 of 2nd period - Deflect By Matt Martin.
7:39 of 2nd period - Shot Blocked by Noah Welch.
7:39 of 2nd period - Puck is out of play.
7:40 of 2nd period - Rob Schremp wins face-off versus Logan Couture in Influenza zone.
7:48 of 2nd period - Minor Penalty to Pernell Karl Subban for Hooking.
7:49 of 2nd period - Valeri Bure wins face-off versus Rob Schremp in Scraper zone.
8:34 of 2nd period - Wrist shot by Jamie McBain.
8:34 of 2nd period - Deflect By Rob Schremp.
8:34 of 2nd period - Shot Hit the Post.
8:34 of 2nd period - Puck is out of play.
8:35 of 2nd period - Jeff Halpern wins face-off versus Alexander Radulov in Scraper zone.
9:39 of 2nd period - Icing by Alexander Sulzer.
9:40 of 2nd period - Jeff Halpern wins face-off versus Matt Martin in Influenza zone.
9:45 of 2nd period - Paul Ranger is hit by Ryan Vesce and loses puck.
9:48 of 2nd period - Penalty to Pernell Karl Subban is over, Pernell Karl Subban is back on ice.
10:36 of 2nd period - Snap shot by Jaime Sifers.
10:36 of 2nd period - Deflect By Ryan Russell.
10:36 of 2nd period - Shot Misses the Net.
10:36 of 2nd period - Puck is out of play.
10:37 of 2nd period - Riley Armstrong wins face-off versus Cody McCormick in Scraper zone.
11:02 of 2nd period - Snap shot by Martin Hanzal.
11:02 of 2nd period - Shot Misses the Net.
11:46 of 2nd period - Wrist shot by Alexander Radulov.
11:46 of 2nd period - Shot Misses the Net.
11:48 of 2nd period - Wrist shot by Riley Armstrong.
11:48 of 2nd period - Deflect By Petr Sykora.
11:48 of 2nd period - Shot Misses the Net.
11:48 of 2nd period - Puck is out of play.
11:49 of 2nd period - Riley Armstrong wins face-off versus Jeff Halpern in Influenza zone.
12:41 of 2nd period - Snap shot by Ryan Carter.
12:41 of 2nd period - Shot Blocked by Valeri Bure.
12:43 of 2nd period - Wrist shot by Ben Smith.
12:43 of 2nd period - Stopped by Maxime Ouellet with a rebound.
12:53 of 2nd period - Snap shot by Roman Cervenka.
12:53 of 2nd period - Stopped by Brent Krahn without a rebound.
12:54 of 2nd period - Roman Cervenka wins face-off versus Cody McCormick in Influenza zone.
12:55 of 2nd period - Snap shot by Mike Knuble.
12:55 of 2nd period - Goal by Mike Knuble - Scraper : 3 - Influenza : 1.
12:56 of 2nd period - Logan Couture wins face-off versus Rob Schremp in neutral zone.
13:33 of 2nd period - Wrist shot by Justin Abdelkader.
13:33 of 2nd period - Stopped by Maxime Ouellet with a rebound.
13:39 of 2nd period - Wrist shot by Rob Schremp.
13:39 of 2nd period - Shot Misses the Net.
13:41 of 2nd period - Snap shot by Justin Abdelkader.
13:41 of 2nd period - Shot Blocked by Martin Hanzal.
13:53 of 2nd period - Wrist shot by Martin Hanzal.
13:53 of 2nd period - Stopped by Brent Krahn without a rebound.
13:54 of 2nd period - Jeff Halpern wins face-off versus Logan Couture in Influenza zone.
14:10 of 2nd period - Off-side.
14:11 of 2nd period - Ryan Carter wins face-off versus Riley Armstrong in neutral zone.
14:14 of 2nd period - Snap shot by Jamie McBain.
14:14 of 2nd period - Stopped by Maxime Ouellet without a rebound.
14:15 of 2nd period - Ryan Carter wins face-off versus Riley Armstrong in Scraper zone.
14:18 of 2nd period - Snap shot by Ryan Carter.
14:18 of 2nd period - Shot Blocked by Pernell Karl Subban.
14:20 of 2nd period - Slapshot by Jamie McBain.
14:20 of 2nd period - Deflect By Pierre-Cédric Labrie.
14:20 of 2nd period - Shot Blocked by Aaron Ward.
14:20 of 2nd period - Puck is out of play.
14:21 of 2nd period - Aaron Voros wins face-off versus Ryan Carter in Scraper zone.
14:30 of 2nd period - Backhand shot by Jamie McBain.
14:30 of 2nd period - Deflect By Petr Sykora.
14:30 of 2nd period - Stopped by Maxime Ouellet without a rebound.
14:31 of 2nd period - Rob Schremp wins face-off versus Logan Couture in Scraper zone.
14:46 of 2nd period - Slapshot by Aaron Ward.
14:46 of 2nd period - Deflect By Justin Abdelkader.
14:46 of 2nd period - Stopped by Brent Krahn with a rebound.
15:00 of 2nd period - Icing by Petr Sykora.
15:01 of 2nd period - Jeff Halpern wins face-off versus Riley Armstrong in Scraper zone.
15:14 of 2nd period - Snap shot by Robbie Earl.
15:14 of 2nd period - Stopped by Maxime Ouellet without a rebound.
15:15 of 2nd period - Rob Schremp wins face-off versus Logan Couture in Scraper zone.
15:45 of 2nd period - Slapshot by Jamie McBain.
15:45 of 2nd period - Shot Blocked by Aaron Voros.
15:52 of 2nd period - Minor Penalty to Pernell Karl Subban for Holding.
15:53 of 2nd period - Rob Schremp wins face-off versus Valeri Bure in Scraper zone.
15:59 of 2nd period - Wrist shot by Rob Schremp.
15:59 of 2nd period - Shot Misses the Net.
16:01 of 2nd period - Snap shot by Rob Schremp.
16:01 of 2nd period - Shot Misses the Net.
16:03 of 2nd period - Slapshot by Noah Welch.
16:03 of 2nd period - Shot Misses the Net.
16:05 of 2nd period - Snap shot by Jaime Sifers.
16:05 of 2nd period - Shot Blocked by Paul Ranger.
16:07 of 2nd period - Slapshot by Noah Welch.
16:07 of 2nd period - Stopped by Maxime Ouellet without a rebound.
16:08 of 2nd period - Rob Schremp wins face-off versus Valeri Bure in Scraper zone.
16:15 of 2nd period - Snap shot by Justin Abdelkader.
16:15 of 2nd period - Stopped by Maxime Ouellet with a rebound.
16:17 of 2nd period - Snap shot by Jaime Sifers.
16:17 of 2nd period - Shot Blocked by Paul Ranger.
16:19 of 2nd period - Snap shot by Rob Schremp.
16:19 of 2nd period - Stopped by Maxime Ouellet with a rebound.
16:43 of 2nd period - Slapshot by Ryan Vesce.
16:43 of 2nd period - Shot Blocked by Aaron Ward.
17:23 of 2nd period - Ryan Vesce is hit by Mike Knuble.
17:52 of 2nd period - Penalty to Pernell Karl Subban is over, Pernell Karl Subban is back on ice.
17:59 of 2nd period - Alexander Sulzer is hit by Logan Couture and loses puck.
18:20 of 2nd period - Off-side.
18:21 of 2nd period - Pierre-Cédric Labrie wins face-off versus Roman Cervenka in neutral zone.
19:02 of 2nd period - Wrist shot by Mike Knuble.
19:02 of 2nd period - Shot Misses the Net.
19:04 of 2nd period - Wrist shot by Mike Knuble.
19:04 of 2nd period - Shot Blocked by Pierre-Cédric Labrie.
19:06 of 2nd period - Slapshot by Eric Gryba.
19:06 of 2nd period - Deflect By Ryan Carter.
19:06 of 2nd period - Stopped by Brent Krahn with a rebound.
19:08 of 2nd period - Slapshot by Karl Alzner.
19:08 of 2nd period - Stopped by Brent Krahn without a rebound.
19:09 of 2nd period - Jeff Halpern wins face-off versus Logan Couture in Influenza zone.
19:09 of 2nd period - Jeff Halpern is hit by Aaron Ward.
19:39 of 2nd period - Wrist shot by Rob Schremp.
19:39 of 2nd period - Stopped by Maxime Ouellet with a rebound.
19:41 of 2nd period - Wrist shot by Justin Abdelkader.
19:41 of 2nd period - Shot Misses the Net.
19:55 of 2nd period - Slapshot by Pernell Karl Subban.
19:55 of 2nd period - Shot Misses the Net.
19:57 of 2nd period - Slapshot by Aaron Ward.
19:57 of 2nd period - Stopped by Brent Krahn with a rebound.
Goals for this period are 3 for Scraper vs 0 for Influenza.
Shots for this period are 17 for Scraper vs 13 for Influenza.
3rd period
0:01 of 3rd period - Rob Schremp wins face-off versus Logan Couture in neutral zone.
0:12 of 3rd period - Icing by Rob Schremp.
0:13 of 3rd period - Rob Schremp wins face-off versus Logan Couture in Influenza zone.
0:48 of 3rd period - Snap shot by Robbie Earl.
0:48 of 3rd period - Stopped by Maxime Ouellet with a rebound.
0:50 of 3rd period - Slapshot by Robbie Earl.
0:50 of 3rd period - Shot Misses the Net.
1:06 of 3rd period - Aaron Ward is hit by Ryan Carter and loses puck.
1:07 of 3rd period - Aaron Ward from Scraper is injured at 1:07 of 3rd period (Bruised Right Arm).
1:08 of 3rd period - Logan Couture wins face-off versus Rob Schremp in Scraper zone.
1:13 of 3rd period - Snap shot by Michael Del Zotto.
1:13 of 3rd period - Shot Blocked by Justin Abdelkader.
1:29 of 3rd period - Minor Penalty to Michael Del Zotto for Interference.
1:30 of 3rd period - Valeri Bure wins face-off versus Rob Schremp in Scraper zone.
2:21 of 3rd period - Petr Sykora is hit by Alexander Sulzer and loses puck.
3:29 of 3rd period - Penalty to Michael Del Zotto is over, Michael Del Zotto is back on ice.
3:56 of 3rd period - Minor Penalty to Petr Sykora for Hooking.
3:57 of 3rd period - Valeri Bure wins face-off versus Rob Schremp in Scraper zone.
4:18 of 3rd period - Minor Penalty to Matt Martin for Roughing.
4:19 of 3rd period - Valeri Bure wins face-off versus Justin Abdelkader in Scraper zone.
5:23 of 3rd period - Martins Karsums is hit by Pernell Karl Subban and loses puck.
5:56 of 3rd period - Penalty to Petr Sykora is over, Petr Sykora is back on ice.
6:18 of 3rd period - Penalty to Matt Martin is over, Matt Martin is back on ice.
6:35 of 3rd period - Ryan Carter is hit by Eric Gryba.
6:36 of 3rd period - Ryan Carter from Influenza is injured at 6:36 of 3rd period (Bruised Left Leg).
6:37 of 3rd period - Rob Schremp wins face-off versus Logan Couture in Influenza zone.
7:10 of 3rd period - Wrist shot by Robbie Earl.
7:10 of 3rd period - Goal by Robbie Earl - Scraper : 3 - Influenza : 2.
7:11 of 3rd period - Rob Schremp wins face-off versus Logan Couture in neutral zone.
7:18 of 3rd period - Snap shot by Rob Schremp.
7:18 of 3rd period - Shot Misses the Net.
7:47 of 3rd period - Slapshot by Alexander Radulov.
7:47 of 3rd period - Stopped by Brent Krahn with a rebound.
8:08 of 3rd period - Wrist shot by Petr Sykora.
8:08 of 3rd period - Stopped by Brent Krahn with a rebound.
9:07 of 3rd period - Snap shot by Ben Eager.
9:07 of 3rd period - Deflect By Martin Hanzal.
9:07 of 3rd period - Shot Misses the Net.
9:07 of 3rd period - Puck is out of play.
9:08 of 3rd period - Jeff Halpern wins face-off versus Valeri Bure in Influenza zone.
9:08 of 3rd period - Jeff Halpern is hit by Pernell Karl Subban.
9:43 of 3rd period - Slapshot by Rob Schremp.
9:43 of 3rd period - Shot Blocked by Eric Gryba.
9:45 of 3rd period - Minor Penalty to Jamie Benn for Holding.
9:46 of 3rd period - Rob Schremp wins face-off versus Valeri Bure in Scraper zone.
10:19 of 3rd period - Slapshot by Jeff Halpern.
10:19 of 3rd period - Shot Misses the Net.
10:21 of 3rd period - Slapshot by Jamie McBain.
10:21 of 3rd period - Stopped by Maxime Ouellet with a rebound.
11:09 of 3rd period - Alexander Radulov is hit by Martins Karsums and loses puck.
11:20 of 3rd period - Ryan Vesce is hit by Valeri Bure.
11:45 of 3rd period - Penalty to Jamie Benn is over, Jamie Benn is back on ice.
11:50 of 3rd period - Minor Penalty to Logan Couture for Roughing.
11:51 of 3rd period - Rob Schremp wins face-off versus Valeri Bure in Scraper zone.
11:51 of 3rd period - Snap shot by Justin Abdelkader.
11:51 of 3rd period - Goal by Justin Abdelkader - Scraper : 3 - Influenza : 3.
11:52 of 3rd period - Rob Schremp wins face-off versus Logan Couture in neutral zone.
12:01 of 3rd period - Snap shot by Rob Schremp.
12:01 of 3rd period - Stopped by Maxime Ouellet with a rebound.
12:04 of 3rd period - Icing by Michael Del Zotto.
12:05 of 3rd period - Logan Couture wins face-off versus Rob Schremp in Scraper zone.
12:05 of 3rd period - Logan Couture is hit by Noah Welch.
12:22 of 3rd period - Major Penalty to Jaime Sifers for Kneeing.
12:23 of 3rd period - Rob Schremp wins face-off versus Logan Couture in Influenza zone.
12:31 of 3rd period - Justin Abdelkader is hit by Valeri Bure and loses puck.
14:02 of 3rd period - Karl Alzner is hit by Jeff Halpern and loses puck.
14:17 of 3rd period - Robbie Earl is hit by Pernell Karl Subban and loses puck.
14:40 of 3rd period - Karl Alzner is hit by Jeff Halpern and loses puck.
15:48 of 3rd period - Brian Salcido is hit by Ben Eager and loses puck.
15:49 of 3rd period - Brian Salcido from Influenza is injured at 15:49 of 3rd period (Bruised Right Shoulder).
15:50 of 3rd period - Logan Couture wins face-off versus Rob Schremp in Influenza zone.
15:55 of 3rd period - Wrist shot by Valeri Bure.
15:55 of 3rd period - Goal by Valeri Bure - Scraper : 4 - Influenza : 3.
15:56 of 3rd period - Rob Schremp wins face-off versus Logan Couture in neutral zone.
16:01 of 3rd period - Slapshot by Jamie McBain.
16:01 of 3rd period - Stopped by Maxime Ouellet with a rebound.
16:41 of 3rd period - Noah Welch is hit by Valeri Bure.
17:15 of 3rd period - Alexander Radulov is hit by Jeff Halpern and loses puck.
17:22 of 3rd period - Penalty to Jaime Sifers is over, Jaime Sifers is back on ice.
17:32 of 3rd period - Slapshot by Cody McCormick.
17:32 of 3rd period - Stopped by Maxime Ouellet with a rebound.
17:34 of 3rd period - Snap shot by Carl Gunnarsson.
17:34 of 3rd period - Stopped by Maxime Ouellet with a rebound.
18:06 of 3rd period - Robbie Earl is hit by Paul Ranger and loses puck.
18:47 of 3rd period - Martin Hanzal is hit by Robbie Earl and loses puck.
19:04 of 3rd period - Slapshot by Michael Del Zotto.
19:04 of 3rd period - Shot Blocked by Carl Gunnarsson.
19:07 of 3rd period - Icing by Justin Abdelkader.
19:08 of 3rd period - Rob Schremp wins face-off versus Riley Armstrong in Influenza zone.
19:13 of 3rd period - Influenza, Brent Krahn is pulled from the net.
19:25 of 3rd period - Snap shot by Valeri Bure.
19:25 of 3rd period - Shot Misses the Net.
19:27 of 3rd period - Snap shot by Pernell Karl Subban.
19:27 of 3rd period - Deflect By Riley Armstrong.
19:27 of 3rd period - Goal by Riley Armstrong - Scraper : 5 - Influenza : 3.
19:27 of 3rd period - Brent Krahn from Influenza was sent back in the game.
19:28 of 3rd period - Cody McCormick wins face-off versus Roman Cervenka in neutral zone.
Goals for this period are 2 for Scraper vs 2 for Influenza.
Shots for this period are 4 for Scraper vs 8 for Influenza.
Output by the SimonT Hockey Simulator (STHS) for François Prévost -- Original Page W3C XHTML 1.0 Valid